 Dungeon Crawl Stone Soup version 0.13-a0-2561-ge340899 (webtiles) character file.

207 Kae the Firebug (level 4, -1/24 HPs)
             Began as a Tengu Fire Elementalist on July 30, 2013.
             Slain by an orc
             ... wielding a +0,+0 orcish mace
              (5 damage)
             ... on Level 3 of the Dungeon.
             The game lasted 00:05:31 (2928 turns).

Kae the Firebug (Tengu Fire Elementalist)           Turns: 2928, Time: 00:05:31

HP  -1/24        AC  2     Str  8      XL: 4   Next: 83%
MP   6/9         EV 12     Int 16      God:
Gold 102         SH  0     Dex 15      Spells:  3 memorised,  1 level left

Res.Fire  : . . .   See Invis. : .   r - +0 quarterstaff
Res.Cold  : . . .   Warding    : .   a - +0 robe
Life Prot.: . . .   Conserve   : .   (no shield)
Res.Poison: .       Res.Corr.  : .   (helmet restricted)
Res.Elec. : .       Clarity    : .   (no cloak)
Sust.Abil.: . .     Spirit.Shd : .   (no gloves)
Res.Mut.  : .       Stasis     : .   (boots unavailable)
Res.Rott. : .       Flight     : .   (no amulet)
Saprovore : . . .                    (no ring)
                                     (no ring)

@: slightly resistant to hostile enchantments, fairly stealthy
A: beak, talons 3
a: no special abilities


You were on level 3 of the Dungeon.
You were hungry.

You visited 1 branch of the dungeon, and saw 4 of its levels.

You collected 82 gold pieces.

Inventory:

Hand weapons
 r - a +0,+0 quarterstaff (weapon)
Armour
 a - a +0 robe (worn)
Magical devices
 p - a wand of random effects (8) {unknown}
Comestibles
 c - 5 bread rations
 d - a choko
 h - a slice of pizza
 i - a pear
 n - 3 chunks of orc flesh
Scrolls
 g - a scroll of curse jewellery {unknown}
 k - a scroll of teleportation {unknown}
 l - a scroll of enchant weapon I {unknown}
 o - 2 scrolls of identify {unknown}
 q - a scroll of enchant weapon II {unknown}
 s - a scroll of fear {unknown}
 t - a scroll of fog {unknown}
 u - a scroll of curse armour {unknown}
 v - a scroll of remove curse {unknown}
 x - a scroll of noise {unknown}
Jewellery
 e - a cursed ring of teleportation {unknown}
 j - an uncursed ring of protection from cold {unknown}
Potions
 f - a potion of speed
 m - a potion of agility
 w - a potion of curing
 z - a potion of heal wounds
Books
 b - a book of Flames

   Spells                             Type                      Level
   *Flame Tongue                      Conjuration/Fire             1
   *Throw Flame                       Conjuration/Fire             2
   *Conjure Flame                     Conjuration/Fire             3
   Inner Flame                        Hexes/Fire                   3
   Sticky Flame                       Conjuration/Fire             4
   Fireball                           Conjuration/Fire             5


   Skills:
 - Level 2.1 Dodging
 - Level 2.0 Stealth
 + Level 2.2 Spellcasting
 * Level 4.0 Conjurations
 + Level 4.1 Fire Magic


You had one spell level left.
You knew the following spells:

 Your Spells              Type           Power        Failure   Level  Hunger
a - Flame Tongue          Conj/Fire      ##...        4%          1    #......
b - Throw Flame           Conj/Fire      ##....       8%          2    ##.....
c - Conjure Flame         Conj/Fire      ##......     12%         3    ####...


Dungeon Overview and Level Annotations

Branches:
Dungeon (4/27)
 Temple: D:4-7

Altars:
Cheibriados
Fedhas


Innate Abilities, Weirdness & Mutations

You have a beak for a mouth.
You have claws for feet.


Message History

You kill the rat!
The orc hits you with an orcish mace.
Unknown command.
Casting: Flame Tongue
Confirm with . or Enter, or press ? or * to list all spells.
Aiming: Flame Tongue
Press: ? - help, Shift-Dir - straight line, f - orc
Aim: an orc, wielding an orcish mace and wearing an orcish leather armour The flame misses the orc.
The orc hits you with an orcish mace.
* * * LOW HITPOINT WARNING * * *
Unknown command.
Casting: Flame Tongue
Confirm with . or Enter, or press ? or * to list all spells.
Aiming: Flame Tongue
Press: ? - help, Shift-Dir - straight line, f/p - orc
Aim: an orc, wielding an orcish mace and wearing an orcish leather armour The flame hits the orc.
The orc is heavily wounded.
The orc hits you with an orcish mace.
You die...

#..#......%.#...##...............
#..###+##...........########.....
.............[......# #.....
#..######...........########..##.
.................................
...######.########..########..##.
..#######.# #.......########..##.
..........###.####..##(..........
................@o...............
.#.######.###.####(.#########.###
...######.# #.####...............
#....##...# #....................
...####.#.# ######..#########.###
#.......#.# #..#######.#.#..
#.##..#.#.# #.%........#.#..
#.##..#.#.########..#######.#.#..
..##..#..........................


You could see an orc.

Vanquished Creatures
  Jessica (D:2)
  An adder (D:2)
  A giant mite (D:4)
  6 giant geckos
  2 oozes
  An orc (D:3)
  3 ball pythons
  3 giant cockroaches
  7 hobgoblins
  10 jackals
  6 kobolds
  6 bats
  5 giant newts
  4 goblins
  5 rats
61 creatures vanquished.

Notes
Turn   | Place    | Note
--------------------------------------------------------------
     0 | D:1      | Kae, the Tengu Fire Elementalist, began the quest for the Orb.
     0 | D:1      | Reached XP level 1. HP: 10/10 MP: 3/3
   533 | D:1      | Reached XP level 2. HP: 12/15 MP: 3/5
   537 | D:1      | Learned a level 2 spell: Throw Flame
  1184 | D:2      | Reached XP level 3. HP: 17/19 MP: 5/7
  1284 | D:2      | Found a blossoming altar of Fedhas.
  1292 | D:2      | Noticed Jessica
  1324 | D:2      | Killed Jessica
  1416 | D:2      | Reached XP level 4. HP: 24/24 MP: 9/9
  1431 | D:2      | Learned a level 3 spell: Conjure Flame
  2041 | D:3      | Reached skill level 4 in Fire Magic
  2212 | D:3      | Paralysed by a potion of paralysis for 3 turns
  2565 | D:3      | Found a snail-covered altar of Cheibriados.
  2928 | D:3      | Slain by an orc

Action                   |  1- 3 |  4- 6 || total
-------------------------+-------+-------++-------
Melee: Unarmed           |    54 |     4 ||    58
       Quarterstaff      |       |    18 ||    18
 Cast: Flame Tongue      |    41 |    38 ||    79
  Use: Potion            |       |     7 ||     7
 Stab: Sleeping          |       |     2 ||     2
